 Dungeon Crawl Stone Soup version 0.24.0-123-gd5b16e6ec5 (webtiles) character file.

Game seed: 11647255816681796890, levelgen mode: deterministic

69 Chiseanne the Magician (level 4, 30/30 HPs)
             Began as a Demonspawn Wizard on Jan 20, 2020.
             Quit the game on level 2 of the Dungeon.
             The game lasted 00:02:36 (2230 turns).

Chiseanne the Magician (Demonspawn Wizard)          Turns: 2230, Time: 00:02:36

Health: 30/30      AC:  2    Str:  7    XL:     4   Next: 2%
Magic:  3/9        EV: 12    Int: 20    God:
Gold:   138        SH:  0    Dex: 12    Spells: 9/10 levels left

rFire    . . .     SeeInvis .   e - +1 dagger (venom)
rCold    . . .     Gourm    .   (no shield)
rNeg     . . .     Faith    .   a - +0 robe
rPois    .         Spirit   .   b - +0 hat
rElec    .         Reflect  .   (no cloak)
rCorr    .         Harm     .   (no gloves)
MR       .....                  (no boots)
Stlth    ++........             (no amulet)
HPRegen  0.10/turn              (no ring)
MPRegen  0.11/turn              (no ring)

@: no status effects
A: hooves 1, rot immunity
a: no special abilities


You were on level 2 of the Dungeon.
You were not hungry.

You visited 1 branch of the dungeon, and saw 2 of its levels.

You collected 138 gold pieces.

Inventory:

Hand Weapons
 e - a +1 dagger of venom (weapon)
Missiles
 c - 79 arrows
 k - 14 bolts
 l - 11 stones (quivered)
 o - 17 sling bullets
 q - 6 atropa-tipped darts
Armour
 a - a +0 robe (worn)
 b - a +0 hat (worn)
 n - a cursed +0 buckler
Jewellery
 g - a cursed -4 ring of protection {unknown}
Scrolls
 f - 3 scrolls of identify {unknown}
 j - a scroll of amnesia {unknown}
 m - 2 scrolls of remove curse {unknown}
 r - a scroll of enchant weapon {unknown}
Potions
 h - a potion of flight {unknown}
 i - a potion of agility {unknown}
 p - a potion of haste {unknown}
Comestibles
 d - 6 rations


   Skills:
 - Level 1.7 Dodging
 - Level 1.7 Stealth
 * Level 3.9 Spellcasting
 * Level 2.8 Conjurations
   Level 1.0 Summonings
   Level 0.8 Translocations


You had 9 spell levels left.
You knew the following spells:

 Your Spells              Type           Power        Failure   Level  Hunger
a - Magic Dart            Conj           ###.         4%          1    None

Your spell library contained the following spells:

 Spells                   Type           Power        Failure   Level  Hunger
 Call Imp                 Summ           #.......     13%         2    ##.....
 Blink                    Tloc           N/A          14%         2    ##.....
 Slow                     Hex            #.......     21%         2    ##.....
 Conjure Flame            Conj/Fire      #.......     22%         3    ###....
 Mephitic Cloud           Conj/Pois/Air  #.......     26%         3    ###....


Dungeon Overview and Level Annotations

Branches:
Dungeon (2/15)

Altars:

Annotations:
D:1 1 runed translucent door


Innate Abilities, Weirdness & Mutations

You have large cloven feet.
You are immune to rotting.


Message History

Casting: Magic Dart (safe; 4% risk of failure)
Confirm with . or Enter, or press ? or * to list all spells.
Aiming: Magic Dart (safe; 4% risk of failure)
Press: ? - help, Shift-Dir - straight line, f/p - adder
Aim: an adder (severely wounded)
The magic dart hits the adder.
The adder is almost dead.
The adder misses you.
Casting: Magic Dart (safe; 4% risk of failure)
Confirm with . or Enter, or press ? or * to list all spells.
Aiming: Magic Dart (safe; 4% risk of failure)
Press: ? - help, Shift-Dir - straight line, f/p - adder
Aim: an adder (almost dead)
The magic dart hits the adder.
You kill the adder!
You have reached level 4!
You feel agile.
Your demonic ancestry asserts itself...
Your feet thicken and deform.
Your magical contamination has completely faded away.
Are you sure you want to abandon this character and quit the game? (Confirm with "yes".)

.. ... #... ###..
#####... .....#######
#♣♣ ♣###........#
..♣♣♣
PP♣♣.....@.$...# ..>.
♣P♣............# ♣#.#
♣♣..###........# ...#
#.#.##..♣P.##....
P..# ###.#.....♣...#
...
♣#.###...###.P♣♣♣.P..
.. ♣......### ##...
P.... . ...÷####
#....PP#.. ##.....##
...


There were no monsters in sight!

Vanquished Creatures
  An adder (D:2)
  An ooze (D:1)
  A worm (D:2)
  A dart slug (D:1)
  A leopard gecko (D:1)
  7 giant cockroaches
  4 goblins
  9 hobgoblins
  4 jackals (D:1)
  5 kobolds
  5 bats
  4 rats
43 creatures vanquished.

Notes
Turn   | Place    | Note
-------+----------+-------------------------------------------
     0 | D:1      | Chiseanne the Demonspawn Wizard began the quest for the
                  | Orb.
     0 | D:1      | Reached XP level 1. HP: 13/13 MP: 4/4
     2 | D:1      | Found a runed translucent door.
   107 | D:1      | Gained mutation: You are immune to rotting. [demonic
                  | ancestry]
   107 | D:1      | Reached XP level 2. HP: 3/19 MP: 0/6
  1051 | D:1      | Reached XP level 3. HP: 24/24 MP: 5/8
  2213 | D:2      | Gained mutation: You have large cloven feet. [demonic
                  | ancestry]
  2213 | D:2      | Reached XP level 4. HP: 30/30 MP: 1/9
  2230 | D:2      | Quit the game

Levels and vault maps discovered:
D:1:      dpeg_arrival_caged_fury, layout_rooms
D:2:      layout_rooms, serial_forest, infiniplex_forest_clump_double,
          infiniplex_forest_zigzag_1, infiniplex_forest_diagonal,
          infiniplex_forest_lined_ring, infiniplex_forest_zigzag_1,
          infiniplex_forest_clump_cross, infiniplex_forest_side_room,
          infiniplex_forest_lined_1, first_ration

Skill      XL: |  1  2 |
---------------+-------+-----
Conjurations   | 2 |  2.8
Dodging        | |  1.7
Stealth        | |  1.7
Spellcasting   | |  3.9
Summonings     | |  1.0
Translocations | |  0.8

Action                   |  1- 3 |  4- 6 || total
-------------------------+-------+-------++-------
Melee: Unarmed           |    12 |       ||    12
       Dagger            |    26 |       ||    26
 Cast: Magic Dart        |    96 |     1 ||    97
 Stab: Sleeping          |     1 |       ||     1
  Eat: Chunk             |     4 |       ||     4
Armor: Robe              |     7 |       ||     7
Dodge: Dodged            |    34 |       ||    34
